 Dungeon Crawl Stone Soup version 0.29-a0-517-gbdf32494f2 (webtiles) character file.

Game seed: 10854812260311532403

89 xian the Chopper (level 4, -1/39 HPs)
             Began as a Deep Dwarf Gladiator on May 30, 2022.
             Was an Initiate of the Shining One.
             Slain by Robin
             ... wielding a +0 spear
              (3 damage)
             ... on level 3 of the Dungeon.
             The game lasted 00:05:50 (1623 turns).

xian the Chopper (Deep Dwarf Gladiator)             Turns: 1623, Time: 00:05:50

Health: -1/39      AC:  9    Str: 19    XL:     4   Next: 31%
Magic:  4/4        EV: 11    Int:  9    God:    the Shining One [......]
Gold:   115        SH:  0    Dex: 14    Spells: 3/3 levels left

rFire   . . .      SeeInvis .   a - +0 war axe
rCold   . . .      Faith    .   (no shield)
rNeg    . . .      Spirit   .   m - +0 scale mail
rPois   .          Reflect  .   c - +0 helmet
rElec   .          Harm     .   (no cloak)
rCorr   .          Rampage  .   (no gloves)
Will    .....                   g - +1 pair of boots
Stlth   ..........              (no amulet)
HPRegen 0.00/turn               (no ring)
MPRegen 0.09/turn               (no ring)

@: glowing
A: damage resistance, heal wounds, sense surroundings 1, no regeneration
a: Heal Wounds, Renounce Religion


You were on level 3 of the Dungeon.
You worshipped the Shining One.
The Shining One was noncommittal.
You visited 1 branch of the dungeon, and saw 3 of its levels.

You collected 126 gold pieces.
You spent 11 gold pieces at shops.

Inventory:

Hand Weapons
 a - a +0 war axe (weapon)
Missiles
 d - 3 throwing nets
 e - a javelin (quivered)
Armour
 c - a +0 helmet (worn)
 g - a +1 pair of boots (worn)
 m - a +0 scale mail (worn)
Scrolls
 h - a scroll of magic mapping {unknown}
 i - 2 scrolls of immolation
 k - 2 scrolls of teleportation {unknown}
 o - a scroll of silence {unknown}
Potions
 b - a potion of might {unknown}
 f - a potion of attraction
 j - 2 potions of resistance
 l - 4 potions of curing {unknown}
 n - 2 potions of degeneration {unknown}
 p - a potion of brilliance {unknown}


   Skills:
 + Level 2.2 Fighting
 + Level 4.6 Axes
 + Level 1.9 Throwing
 + Level 1.1 Armour
 + Level 4.0 Dodging
 + Level 0.2 Stealth


You had 3 spell levels left.
You didn't know any spells.
Your spell library contained the following spells:

 Spells                   Type           Power      Damage    Failure   Level
 Necrotize                Necr           0%         1d4       77%         1
 Dazzling Flash           Conj/Hex       0%         N/A       98%         3
 Vampiric Draining        Necr           0%         2d6       98%         3
 Agony                    Necr           0%         N/A       100%        5
 Silence                  Hex/Air        0%         N/A       100%        5


Dungeon Overview and Level Annotations

Branches:
Dungeon (3/15)

Altars:
The Shining One

Shops:
D:1 ?   D:2 ?

Annotations:
D:3 Robin


Innate Abilities, Weirdness & Mutations

You are resistant to damage.
You can heal yourself by infusing magical energy.
You passively map a small area around you.
You do not regenerate.


Message History

Robin points. "Kill!"
Robin throws the goblin at you! The goblin hits you but does no damage.
You closely miss the goblin. The goblin completely misses you.
The goblin hits you but does no damage.
You closely miss the goblin. Robin throws the goblin at you!
The goblin hits you but does no damage. The goblin closely misses you.
You slash the goblin!
You kill the goblin!
You hit the goblin. The goblin closely misses you.
You closely miss the goblin. You barely miss the goblin.
The goblin hits you with a +0 club. The goblin hits you but does no damage.
The goblin closely misses you. x2
You barely miss the goblin. You hit the goblin.
You kill the goblin!
The goblin misses you. Robin throws the goblin at you!
You barely miss the goblin. You hit the goblin. The goblin closely misses you.
The goblin hits you but does no damage.
You closely miss the goblin. You hit the goblin.
You kill the goblin!
The goblin hits you but does no damage.
You closely miss the goblin. The goblin hits you with a +0 club. x2
You closely miss the goblin. The goblin barely misses you.
You hit the goblin.
The goblin is moderately wounded.
The hobgoblin no longer looks unusually strong.
Robin says, "Bow before me, strongest of all the hobgoblins!"
The goblin closely misses you.
You hit the goblin.
You kill the goblin!
Robin roars a battlecry!
The hobgoblin goes into a battle-frenzy!
The kobold hits you but does no damage.
You closely miss the kobold.
Robin hits you from afar with a +0 spear.
* * * LOW HITPOINT WARNING * * *
The kobold hits you with a +0 short sword.
* * * LOW HITPOINT WARNING * * *
You closely miss the kobold.
Robin hits you from afar with a +0 spear.
You die...

, , , * .....gg * , ** ,
.....gg , ,, *,....g.. * * ,
, ,,,...gg.. ,. , * * * **
....g.. # , , , * ....... #
*#############....... #
#....)@Kggg))........ # *
#######.############........#
............<....., ........
#######.#..#####.# * #.....(
* , #.#......#.# ## #
#.#......... # #.#..###.#.#
#.# * #.#..# #.#.#.#.##..#
#.#..###.#.#.#.##..# ,


You could see Robin, a hobgoblin (strong), a goblin (strong) and a kobold.

Vanquished Creatures
  An adder (D:2)
  A gnoll (D:2)
  2 dart slugs
  7 endoplasms
  2 giant cockroaches (D:2)
  17 goblins
  4 hobgoblins
  3 jackals (D:3)
  2 ball pythons
  6 bats
  3 frilled lizards
  7 kobolds
  2 rats
57 creatures vanquished.

Vanquished Creatures (others)
  2 plants (D:2)
2 creatures vanquished.

Grand Total: 59 creatures vanquished

Notes
Turn   | Place    | Note
-------+----------+-------------------------------------------
     0 | D:1      | xian the Deep Dwarf Gladiator began the quest for the Orb.
     0 | D:1      | Reached XP level 1. HP: 19/19 MP: 1/1
    79 | D:1      | Reached XP level 2. HP: 17/26 MP: 2/2
   411 | D:1      | Reached XP level 3. HP: 15/32 MP: 3/3
   628 | D:1      | Found Isionein's Magic Scroll Boutique.
   638 | D:1      | Bought a scroll of noise for 11 gold pieces
   881 | D:2      | Found Imou's Magic Scroll Shoppe.
  1024 | D:2      | Found a glowing golden altar of the Shining One.
  1042 | D:2      | Became a worshipper of the Shining One
  1215 | D:2      | Reached XP level 4. HP: 10/39 MP: 4/4
  1599 | D:3      | Noticed Robin
  1602 | D:3      | Reached skill level 1 in Armour
  1623 | D:3      | Slain by Robin

Illustrated notes

Levels and vault maps discovered:
D:1:      minmay_arrival_arboretum_small, layout_basic, serial_shops,
          nicolae_shop_stone
D:2:      minmay_chambers_of_ones, layout_rooms, serial_shops, shop,
          basic_altar, chequers_big_river, chequers_serial_rivers_micro_d,
          minmay_octomino_e4
D:3:      layout_basic, ebering_ecumenical_altar_box, minmay_joined_circles,
          uniq_robin

Skill      XL: |  1  2  3  4 |
---------------+-------------+-----
Dodging        | 4 |  4.0
Axes           | 4 |  4.6
Fighting       | 2 |  2.2
Armour         | 1 |  1.1
Throwing       | |  1.9
Stealth        | |  0.2

Action                   |  1- 3 |  4- 6 || total
-------------------------+-------+-------++-------
Melee: War axe           |   117 |    29 ||   146
       Punch             |     2 |       ||     2
  Use: Scroll            |     3 |       ||     3
Armor: Leather armour    |    23 |       ||    23
       Scale mail        |    24 |    17 ||    41
Dodge: Dodged            |    79 |    19 ||    98

Table legend: (Time is in decaauts)
 A = Elapsed time spent in this place.
 B = Non-inter-level travel time spent in this place.
 C = Inter-level travel time spent in this place.
 D = Time resting spent in this place.
 E = Time spent auto-exploring this place.
 F = Levels seen in this place.
 G = Mean time per level.
                   A        B        C        D        E       F      G
               +--------+--------+--------+--------+--------+-----+--------+
         Total |   1677 |   1645 |     32 |      0 |   1040 |   3 |  559.0 |
       Dungeon |   1677 |   1645 |     32 |      0 |   1040 |   3 |  559.0 |
               +--------+--------+--------+--------+--------+-----+--------+

Top non-repeatable levels by time:
     D:1: 885 daAuts
     D:2: 644 daAuts
     D:3: 148 daAuts
